General information
- name: BNet
- type: Ladder team game (AT/RT)
- host: Battle.net
- saver: AbductdByAliens
map: Deadlock
- players: 8
- length: 06:51
- speed: Fast
- version: 1.28 W3XP
- replay type: Public
» download(47 KB)
Players
team 1 (winner)

»
dverial (
teal | 35 APM | 243 actions | 06:51)
2 Demon Hunter
1 Mana Burn
1 Evasion
» actions
| Build / train | 23 | |
| Enter build submenu | 10 | |
| Enter hero's abilities submenu | 2 | |
| Right click | 105 | |
| Select / deselect | 88 | |
| Use ability | 14 | |
243 total
» units
» buildings
| Altar of Elders | 1 | |
| Moon Well | 4 | |
| Ancient of War | 1 | |
| Ancient of Wonders | 1 | |
| Tree of Ages | 1 | |
| Hunter's Hall | 1 | |
| Ancient of Lore | 2 | |
11 total
» build order
00:07 Altar of Elders
00:10 Moon Well
00:41 Ancient of War
01:21 Moon Well
01:50 Ancient of Wonders
03:08 Tree of Ages
03:49 Moon Well
04:13 Hunter's Hall
05:30 Ancient of Lore
05:34 Ancient of Lore
06:24 Moon Well

»
NewNameTooPro (
pink | 59 APM | 403 actions | 06:51)
2 Priestess of the Moon
1 Scout
1 Trueshot Aura
» actions
| Assign group hotkey | 10 | |
| Basic commands | 21 | |
| Build / train | 28 | |
| ESC pressed | 4 | |
| Enter build submenu | 8 | |
| Enter hero's abilities submenu | 4 | |
| Right click | 156 | |
| Select / deselect | 79 | |
| Select group hotkey | 79 | |
| Use ability | 14 | |
403 total
» units
» upgrades
| Strength of the Moon | 1 | |
| Moon Armor | 1 | |
2 total
» buildings
| Altar of Elders | 1 | |
| Moon Well | 4 | |
| Hunter's Hall | 1 | |
| Ancient of War | 1 | |
| Ancient Protector | 1 | |
| Tree of Ages | 1 | |
9 total
» build order
00:07 Altar of Elders
00:10 Moon Well
01:22 Hunter's Hall
01:42 Moon Well
02:03 Ancient of War
02:27 Ancient Protector
02:35 Moon Well
03:44 Moon Well
05:35 Tree of Ages

»
Canada.Eh (
purple | 36 APM | 248 actions | 06:51)
2 Death Knight
1 Death Coil
1 Unholy Aura
» actions
| Assign group hotkey | 9 | |
| Basic commands | 6 | |
| Build / train | 21 | |
| ESC pressed | 3 | |
| Enter build submenu | 10 | |
| Enter hero's abilities submenu | 2 | |
| Right click | 52 | |
| Select / deselect | 57 | |
| Select group hotkey | 65 | |
| Use ability | 23 | |
248 total
» units
| Acolyte | 3 | |
| Ghoul | 6 | |
| Crypt Fiend | 4 | |
13 total
» buildings
| Graveyard | 1 | |
| Crypt | 1 | |
| Altar of Darkness | 1 | |
| Ziggurat | 3 | |
| Tomb of Relics | 1 | |
| Nerubian Tower | 2 | |
| Necropolis | 1 | |
| Halls of the Dead | 1 | |
11 total
» build order
00:34 Graveyard
00:42 Crypt
00:50 Altar of Darkness
01:05 Ziggurat
01:24 Tomb of Relics
01:31 Ziggurat
03:43 Ziggurat
04:34 Nerubian Tower
04:52 Nerubian Tower
05:56 Necropolis
06:30 Halls of the Dead
» items

»
cliftonbeef (
red | 33 APM | 228 actions | 06:51)
1 Blademaster
1 Wind Walk
» actions
| Basic commands | 32 | |
| Build / train | 22 | |
| Enter build submenu | 10 | |
| Enter hero's abilities submenu | 1 | |
| Right click | 32 | |
| Select / deselect | 121 | |
| Use ability | 10 | |
228 total
» units
| Peon | 7 | |
| Grunt | 1 | |
| Troll Headhunter/Berserker | 9 | |
17 total
» upgrades
» buildings
| Altar of Storms | 1 | |
| Orc Burrow | 4 | |
| Barracks | 1 | |
| War Mill | 1 | |
| Stronghold | 1 | |
| Watch Tower | 1 | |
9 total
» build order
00:12 Altar of Storms
00:15 Orc Burrow
01:06 Barracks
01:41 Orc Burrow
01:51 War Mill
02:40 Orc Burrow
04:05 Stronghold
04:36 Orc Burrow
06:49 Watch Tower
team 2 (loser)

»
Clowsaintpotsox (
blue | 40 APM | 133 actions | 03:19)
» actions
| Build / train | 21 | |
| Enter build submenu | 16 | |
| Remove unit from queue | 2 | |
| Right click | 38 | |
| Select / deselect | 43 | |
| Use ability | 13 | |
133 total
» units
| Peasant | 11 | |
| Acolyte | 2 | |
| Ghoul | 4 | |
| Footman | 1 | |
18 total
» buildings
| Farm | 4 | |
| Barracks | 2 | |
| Ziggurat | 2 | |
| Crypt | 1 | |
| Altar of Darkness | 1 | |
| Graveyard | 1 | |
| Altar of Kings | 1 | |
| Arcane Vault | 1 | |
13 total
» build order
00:08 Farm
00:11 Farm
00:15 Barracks
00:38 Ziggurat
00:41 Crypt
00:51 Barracks
01:04 Altar of Darkness
01:15 Graveyard
01:22 Farm
01:34 Farm
01:48 Ziggurat
02:05 Altar of Kings
02:26 Arcane Vault
bobbyem1034 (
yellow | 35 APM | 237 actions | 06:51)
1 Demon Hunter
1 Evasion
1 Paladin
1 Holy Light
1 Dreadlord
1 Sleep
» actions
| Build / train | 27 | |
| Enter build submenu | 9 | |
| Enter hero's abilities submenu | 4 | |
| Remove unit from queue | 1 | |
| Right click | 105 | |
| Select / deselect | 72 | |
| Use ability | 19 | |
237 total
» units
| Wisp | 7 | |
| Archer | 10 | |
| Crypt Fiend | 3 | |
20 total
» buildings
| Moon Well | 4 | |
| Ancient of War | 2 | |
| Altar of Elders | 1 | |
| Farm | 1 | |
| Spirit Tower | 1 | |
| Hunter's Hall | 1 | |
10 total
» build order
00:32 Moon Well
00:52 Ancient of War
01:04 Altar of Elders
01:34 Moon Well
02:10 Moon Well
03:20 Moon Well
03:42 Farm
04:14 Ancient of War
05:31 Spirit Tower
05:40 Hunter's Hall
AbductdByAliens (
green | 8 APM | 52 actions | 06:51)
» actions
| Build / train | 6 | |
| Enter build submenu | 5 | |
| Right click | 12 | |
| Select / deselect | 20 | |
| Use ability | 9 | |
52 total
» units
» buildings
| Altar of Kings | 1 | |
| Barracks | 1 | |
| Farm | 2 | |
| Scout Tower | 1 | |
5 total
» build order
00:55 Altar of Kings
00:57 Barracks
00:58 Farm
01:06 Farm
01:23 Scout Tower
Chat log
(00:04 / Allies) PANDOOOOOOOOOOO: troll on team
(00:08 / Allies) bobbyem1034: who
(00:08 / All) Canada.Eh: gl hf
(00:13 / Allies) bobbyem1034: wtf
(00:31 / Allies) AbductdByAliens: himself I guess
(00:41 / Allies) bobbyem1034: i hate people like taht
(00:44 / Allies) AbductdByAliens: yeah
(01:13 / Allies) bobbyem1034: whose controlling him
(01:15 / Allies) AbductdByAliens: people like that ruin the game and peoples records
(01:23 / Allies) bobbyem1034: true
(02:44 / All) dverial: i got abducted too
(03:07 / Allies) Clowsaintpotsox: tf
(03:12 / Allies) bobbyem1034: green
(03:21 / All) Canada.Eh: gg
(03:23 / All) NewNameTooPro: gg
(03:32 / All) NewNameTooPro: lol
(03:38 / All) NewNameTooPro: green troll?
(04:00 / All) NewNameTooPro: quit
(04:54 / All) NewNameTooPro: rofl
(04:56 / All) NewNameTooPro: abductd
(05:11 / All) bobbyem1034: this is bullshit
(05:15 / All) NewNameTooPro: he got
(05:18 / All) NewNameTooPro: Abductd by aliens i think
(05:20 / All) bobbyem1034: 3 trolls in row
(05:27 / All) NewNameTooPro: fuck the trolls!
(05:30 / All) NewNameTooPro: rape their women!
(05:40 / All) dverial: this game is fulled by em
(05:42 / All) dverial: i dont get it tho
(05:48 / All) NewNameTooPro: they need a report
(05:49 / All) NewNameTooPro: feature
(05:52 / All) NewNameTooPro: Really not that hard
(05:53 / All) dverial: whats their point
(05:56 / All) bobbyem1034: this game use to be fun
(05:59 / All) NewNameTooPro: for attention
(06:06 / All) NewNameTooPro: still fun
(06:08 / All) NewNameTooPro: w/o trolls
(06:30 / All) AbductdByAliens: Woah what happened
(06:35 / All) AbductdByAliens: And why does my butt hurt?
(06:38 / All) NewNameTooPro: aliens?
(06:47 / All) NewNameTooPro: At least u aclever troll
(06:48 / All) AbductdByAliens: Jeez I got stuck with some noob allies! GG!